Map: Year Zero LE

Players

Smileblind

  • Race: Protoss Protoss
  • League: Silver
  • Spawn Location: 1:00

VOD

Have the link to the VOD?

Description

Time

  • Played on: Feb. 7, 2019, 6:06 a.m.
  • Length: 15:16
Show
View Real Time Build Order
Export as new Build Order

Smileblind Protoss 

Build Orders:  

Get SALT Encoding   

  12  0:04  Probe (Chrono Boost)  
  14  0:21  Probe (Chrono Boost)  
  14  0:29  Pylon  
  14  0:38  Probe (Chrono Boost)  
  15  0:54  Probe (Chrono Boost)  
  16  1:03  Gateway  
  16  1:06  Probe (Chrono Boost)  
  17  1:17  Probe (Chrono Boost)  
  17  1:19  Assimilator  
  17  1:27  Assimilator  
  18  1:34  Probe (Chrono Boost)  
  19  1:48  Probe (Chrono Boost)  
  20  1:54  Gateway  
  20  1:59  Probe (Chrono Boost)  
  21  2:10  Probe (Chrono Boost)  
  21  2:18  Cybernetics Core  
  22  2:27  Probe (Chrono Boost)  
  22  2:29  Pylon  
  23  2:39  Pylon  
  23  3:02  Gateway  
  23  3:12  Pylon  
  23  3:16  Gateway  
  27  3:53  Gateway  
  27  4:08  Warp Gate, Unknown  
  31  4:17  Unknown  
  35  4:40  Pylon  
  35  4:50  Shield Battery, Unknown x2  
  37  5:00  Unknown  
  37  5:07  Stalker  
  37  5:09  Unknown  
  39  5:26  Pylon  
  39  5:28  Stalker  
  41  5:37  Unknown  
  41  5:39  Stalker  
  43  5:50  Stalker  
  45  6:03  Stalker  
  47  6:13  Stalker  
  49  6:26  Stalker  
  51  6:37  Adept  
  53  6:48  Stalker  
  31  7:35  Stalker x3  
  31  7:36  Stalker  
  31  8:00  Stalker  
  31  8:08  Stalker  
  31  8:09  Stalker  
  29  8:55  Stalker x2  
  29  8:56  Stalker  
  29  8:57  Stalker  
  37  9:06  Zealot  
  35  9:29  Zealot x2  
  37  9:37  Zealot  
  39  9:48  Stalker  
  41  9:57  Zealot  
  43  10:05  Zealot  
  45  10:18  Stalker  
  47  10:30  Stalker  
  49  10:51  Stalker  
  49  10:54  Zealot  
  53  11:00  Zealot  
  29  11:59  Stalker x4  
  37  12:15  Zealot  
  39  12:32  Zealot  
  41  12:41  Adept  
  43  12:59  Stalker  
  45  13:07  Sentry  
  47  13:16  Sentry  
  49  13:20  Sentry  
  51  13:35  Zealot  
  53  13:49  Zealot  
  55  14:08  Stalker  
  57  14:24  Stalker  
Tags
 
League
Silver
Matchup
Co-op
Add a new tag
Caveats
  • Supply blocks, unpowered buildings, or Contaminate may cause inaccurate times.
  • Supply counts are checked every 10 seconds.